 Dungeon Crawl Stone Soup version 0.31.0-11-ge490571c62 (webtiles) character file.

Game seed: 1868313079114433443

39 browni3141 the Trooper (level 3, -21/33 HPs)
             Began as a Minotaur Fighter on Jan 27, 2024.
             Demolished by an ogre
             ... wielding a +0 giant spiked club
              (24 damage)
             ... on level 4 of the Dungeon.
             The game lasted 00:00:27 (327 turns).

browni3141 the Trooper (Minotaur Fighter)            Turns: 327, Time: 00:00:27

Health: -21/33     AC: 10    Str: 22    XL:     3   Next: 28%
Magic:  2/2        EV:  9    Int:  5    God:
Gold:   43         SH:  4    Dex:  9    Spells: 2/2 levels left

rFire   x . .        a - +0 war axe
rCold   + + .        c - +0 buckler
rNeg    . . .        e - +0 ice dragon scales
rPois   .            (helmet restricted)
rElec   .            (no cloak)
rCorr   .            (no gloves)
SInv    .            (no boots)
Will    .....        (no amulet) Stlth
                     (no ring)
HPRegen 0.25/turn    (no ring)
MPRegen 0.08/turn

%: no passive effects
@: no status effects
A: horns 2, retaliatory headbutt
a: no special abilities


You were on level 4 of the Dungeon.
You visited 1 branch of the dungeon, and saw 4 of its levels.

You collected 43 gold pieces.

Inventory:

Hand Weapons
 a - a +0 war axe (weapon)
Armour
 b - a +0 scale mail
 c - a +0 buckler (worn)
 e - +0 ice dragon scales (worn)
Scrolls
 f - a scroll of summoning {unknown}
 h - a scroll of poison {unknown}
 j - a scroll of fear {unknown}
Potions
 d - a potion of might
 g - a potion of lignification {unknown}
 i - a potion of curing {unknown}


   Skills:
 + Level 4.0 Fighting
 * Level 3.4 Axes
 + Level 4.0 Armour
 + Level 4.0 Shields


You had 2 spell levels left.
You didn't know any spells.
Your spell library contained the following spells:

 Spells                   Type           Power      Damage    Failure   Level
 Slow                     Hex            0%         N/A       90%         1
 Blink                    Tloc           0%         N/A       97%         2
 Lesser Beckoning         Tloc           0%         N/A       97%         2
 Momentum Strike          Conj/Tloc      0%         3d8       97%         2
 Confusing Touch          Hex            0%         N/A       99%         3
 Gell's Gravitas          Tloc           0%         N/A       99%         3
 Sigil of Binding         Hex            0%         N/A       99%         3
 Teleport Other           Tloc           0%         N/A       99%         3
 Vampiric Draining        Necr           0%         2d6       99%         3


Dungeon Overview and Level Annotations

Branches:
Dungeon (4/15)
 Temple: D:4-7

Altars:


Innate Abilities, Weirdness & Mutations

You have a pair of horns on your head.
You reflexively headbutt those who attack you in melee.


Message History

An orc is nearby!
An orc is nearby!
An orc is nearby!
An orc is nearby!
An endoplasm comes into view.
Found 7 stones.
Found a stone staircase leading up.
The endoplasm quivers.
You see here a +0 dagger.
The orc hits you but does no damage.
You barely miss the orc. You block the orc's attack.
You hit the endoplasm.
The endoplasm is severely wounded.
You hit the orc but do no damage. The orc hits you but does no damage.
The endoplasm hits you but does no damage.
The endoplasm closely misses you. The orc hits you but does no damage.
You hit the orc. Your headbutt misses the orc.
The orc is heavily wounded.
You slash the endoplasm!
You kill the endoplasm!
The orc hits you with a +0 club.
Your Fighting skill increases to level 4!
You barely miss the orc.
The orc is heavily wounded.
The orc hits you but does no damage.
You slash the orc!
You kill the orc!
You have reached level 3!
Your experience leads to an increase in your attributes!
Increase (S)trength, (I)ntelligence, or (D)exterity?
You feel stronger. x2
HP restored.
f - a scroll labelled OGAGIS SAVVOS You now have 37 gold pieces (gained 9).
You now have 43 gold pieces (gained 6).
g - a bubbling emerald potion A kobold comes into view.
It is wielding a +0 dagger.
You see here a scroll labelled JAITUL PIFORA.
A kobold is nearby!
The kobold throws a stone.
The stone closely misses you.
You closely miss the kobold. You block the kobold's attack.
You slash the kobold!
You kill the kobold!
Your Armour skill increases to level 4!
No target in view!
You pick up a book of Displacement and begin reading...
You add the spells Lesser Beckoning, Gell's Gravitas and Teleport Other to your library.
h - a scroll labelled JAITUL PIFORA
Found a stone staircase leading down.
i - a fuming blue potion You pick up a book of Spatial Translocations and begin reading...
You add the spells Blink and Momentum Strike to your library.
j - a scroll labelled ESHREDD NUNAM No target in view!
No target in view!
There is a stone staircase leading down here.
You climb downwards.
Found a stone staircase leading down.
There is a stone staircase leading up here.
You pick up a book of Debilitation and begin reading...
You add the spells Slow, Sigil of Binding, Vampiric Draining and Confusing Touch to your library.
An adder comes into view.
An adder is nearby!
An adder is nearby!
Found 14 gold pieces.
Found an escape hatch in the floor.
A goblin comes into view. It is wielding a +0 club.
The goblin shouts!
You block the adder's attack.
You hit the adder.
The adder is heavily wounded.
You block the adder's attack. The adder bites you but does no damage.
The adder bites you but does no damage.
You miss the adder.
The adder is heavily wounded.
The adder bites you. x2
You closely miss the adder.
The adder is heavily wounded.
The adder barely misses you. The adder bites you but does no damage.
You slash the adder!
You kill the adder!
You barely miss the goblin. The goblin closely misses you.
You furiously retaliate!
You headbutt the goblin!
You kill the goblin!
An ogre comes into view. It is wielding a +0 giant spiked club.
Your Shields skill increases to level 4!
The ogre shouts!
You see here a +0 club.
The ogre barely misses you.
You slash the ogre! Your headbutt misses the ogre.
The ogre is heavily wounded.
A goblin comes into view. It is wielding a +0 dagger.
The ogre hits you with a +0 giant spiked club!!
Ouch! That really hurt!
The goblin shouts!
You are too injured to fight recklessly!
You are too injured to fight recklessly!
You hit the ogre.
The ogre is heavily wounded.
The ogre hits you with a +0 giant spiked club!!
Ouch! That really hurt!
You die...

######### ....
#.......# ##.#..
#.......## #....
#........# #..#
####.###.###..# #.<..#
#.##..#
#.....###..>..###.###.
#.......#..†.).@O......
#..............$.......
#.............#......#.
##.....###>..........#
....... #...#......g..
#.......##...##......##
#...#####....# #####
.#...


You could see an ogre and a goblin.

Vanquished Creatures
  3 adders
  An orc (D:3)
  A bat (D:1)
  3 endoplasms
  A ball python (D:2)
  A frilled lizard (D:2)
  A goblin (D:4)
  3 kobolds
14 creatures vanquished.

Notes
Turn   | Place    | Note
-------+----------+-------------------------------------------
     0 | D:1      | browni3141 the Minotaur Fighter began the quest for the
                  | Orb.
     0 | D:1      | Reached XP level 1. HP: 19/19 MP: 0/0
   162 | D:2      | Reached XP level 2. HP: 27/27 MP: 1/1
   212 | D:3      | Reached XP level 3. HP: 29/33 MP: 2/2
   322 | D:4      | Noticed an ogre
   327 | D:4      | Demolished by an ogre

Illustrated notes

Levels and vault maps discovered:
D:1:      onia_arrival_pyramid, layout_loops_ring,
          dilly_ecumenical_altar_fadedgnrine
D:2:      layout_basic
D:3:      layout_basic, serial_aquarium, aquarium_bridge_long_joined
          [aquarium_subvault_wall, aquarium_subvault_wall,
          aquarium_subvault_wall, aquarium_subvault_wall,
          aquarium_subvault_bridge, aquarium_subvault_bridge],
          aquarium_bridge_island_small [aquarium_subvault_small_open,
          aquarium_subvault_bridge, aquarium_subvault_wall,
          aquarium_subvault_window, aquarium_subvault_wall], aquarium_window_3,
          aquarium_window_fake, aquarium_window_1, aquarium_view_2b,
          uniq_terence
D:4:      layout_rooms, lemuel_temple_firewalk_b

Skill      XL: |  1  2  3 |
---------------+----------+-----
Axes           | 3 |  3.4
Fighting       | 4 |  4.0
Armour         | 4 |  4.0
Shields        | 4 |  4.0

Action                     || total
---------------------------++-------
  Melee: War axe           ||    30
         Headbutt          ||     2
 Armour: Scale mail        ||     6
         Ice dragon scales ||    19
  Dodge: Dodged            ||    15
  Block: Buckler           ||    10
